 Dungeon Crawl Stone Soup version 0.24.0-37-gcf1ca852f1 (webtiles) character file.

Game seed: 13700464278178001498, levelgen mode: deterministic

70 Kobolds4U the Magician (level 4, 0/24 HPs)
             Began as a Deep Elf Conjurer on Dec 5, 2019.
             Was an Initiate of Qazlal.
             Slain by a worker ant (4 damage)
             ... on level 3 of the Dungeon.
             The game lasted 00:05:57 (1713 turns).

Kobolds4U the Magician (Deep Elf Conjurer)          Turns: 1713, Time: 00:05:58

Health: 0/24       AC:  2    Str:  6    XL:     4   Next: 4%
Magic:  10/12      EV: 13    Int: 20    God:    Qazlal [......]
Gold:   90         SH:  0    Dex: 15    Spells: 6/12 levels left

rFire    . . .     SeeInvis .   h - +0 short sword
rCold    . . .     Gourm    .   (no shield)
rNeg     . . .     Faith    .   a - +0 robe
rPois    .         Spirit   .   (no helmet)
rElec    .         Reflect  .   (no cloak)
rCorr    .         Harm     .   (no gloves)
MR       .....                  (no boots)
Stlth    ++........             i - amulet of magic regeneration (curse)
HPRegen  0.08/turn              (no ring)
MPRegen  0.38/turn              (no ring)

@: lethally poisoned (0 -> -7), very slightly contaminated
A: no striking features
a: Renounce Religion


You were on level 3 of the Dungeon.
You worshipped Qazlal.
Qazlal was noncommittal.
You were not hungry.

You visited 1 branch of the dungeon, and saw 4 of its levels.

You collected 90 gold pieces.

Inventory:

Hand Weapons
 h - a +0 short sword (weapon)
Armour
 a - a +0 robe (worn)
 p - a +2 hat
Jewellery
 i - a cursed amulet of magic regeneration (around neck)
 n - an uncursed ring of fire {unknown}
Scrolls
 f - 2 scrolls of teleportation {unknown}
 g - a scroll of enchant armour {unknown}
 j - a scroll of immolation {unknown}
 k - 2 scrolls of remove curse {unknown}
 l - a scroll of magic mapping {unknown}
Potions
 b - a potion of haste {unknown}
 d - 2 potions of curing {unknown}
 e - a potion of might {unknown}
 m - 2 potions of lignification {unknown}
 o - a potion of degeneration {unknown}
Comestibles
 c - a ration


   Skills:
 * Level 2.3 Short Blades
 - Level 2.4 Dodging
 - Level 2.4 Stealth
 + Level 4.8 Spellcasting
 - Level 4.3 Conjurations


You had 6 spell levels left.
You knew the following spells:

 Your Spells              Type           Power        Failure   Level  Hunger
a - Magic Dart            Conj           ###.         1%          1    None
b - Searing Ray           Conj           ###...       3%          2    #......
c - Dazzling Spray        Conj/Hex       ##....       14%         3    ##.....

Your spell library contained the following spells:

 Spells                   Type           Power        Failure   Level  Hunger
 Iskenderun's Mystic Bla  Conj           ###.....     19%         4    ####...
 Force Lance              Conj/Tloc      ##......     43%         4    ####...
 Fulminant Prism          Conj/Hex       ##........   43%         4    ####...


Dungeon Overview and Level Annotations

Branches:
Dungeon (4/15)
 Temple: D:4-7

Altars:
Qazlal


Message History

* * * LOW HITPOINT WARNING * * *
You feel sick. The worker ant barely misses you.
The worker ant bites you but does no damage.
You barely miss the worker ant.
The worker ant is heavily wounded.
* * * LOW HITPOINT WARNING * * *
You feel sick. The worker ant closely misses you.
You hit the worker ant but do no damage.
The worker ant is heavily wounded.
* * * LOW HITPOINT WARNING * * *
You feel sick. The worker ant barely misses you.
Casting: Magic Dart (safe; 1% risk of failure)
Confirm with . or Enter, or press ? or * to list all spells.
Aiming: Magic Dart (safe; 1% risk of failure)
Press: ? - help, Shift-Dir - straight line, f/p - worker ant
Aim: a worker ant (heavily wounded)
The magic dart hits the worker ant but does no damage.
The worker ant is heavily wounded.
The worker ant bites you.
You die...

.....##.#####
#...###.########
##.## #........#
#.# ########.#
#.# #.# #.#
#.### #...#
###@# #a#
...............
##...##.###.##.
##. ..# # .## #.
#. ..


You could see a worker ant.

Vanquished Creatures
  An adder (D:2)
  2 oozes
  2 worms (D:2)
  2 leopard geckos (D:1)
  3 giant cockroaches
  4 goblins (D:1)
  6 hobgoblins
  A quokka (D:4)
  A ball python (D:1)
  6 bats
  3 frilled lizards
  8 kobolds
  5 rats
44 creatures vanquished.

Notes
Turn   | Place    | Note
-------+----------+-------------------------------------------
     0 | D:1      | Kobolds4U the Deep Elf Conjurer began the quest for the
                  | Orb.
     0 | D:1      | Reached XP level 1. HP: 10/10 MP: 6/6
   335 | D:1      | Reached XP level 2. HP: 15/15 MP: 6/9
   655 | D:1      | Reached skill level 1 in Short Blades
   834 | D:1      | Reached XP level 3. HP: 19/19 MP: 7/11
  1135 | D:1      | Learned a level 2 spell: Searing Ray
  1139 | D:1      | Learned a level 3 spell: Dazzling Spray
  1449 | D:2      | You fall into a shaft and drop 2 floors!
  1549 | D:3      | Found a stormy altar of Qazlal.
  1575 | D:3      | Became a worshipper of Qazlal Stormbringer
  1596 | D:4      | Reached XP level 4. HP: 24/24 MP: 7/12
  1713 | D:3      | Slain by a worker ant

Levels and vault maps discovered:
D:1:      dpeg_arrival_windows_large_door, layout_loops_corners
D:2:      layout_loops_ring, nicolae_overflow_crystal_walls
D:3:      cheibrodos_pilgrimage, layout_loops_corners,
          nicolae_overflow_hidden_temple
D:4:      layout_cave_pools, minmay_temple_entry_trees, first_ration,
          fedhas_bush_and_centaur_altar

Skill      XL: |  1  2  3 |
---------------+----------+-----
Spellcasting   | 4 |  4.8
Short Blades   | 1 2 |  2.3
Dodging        | |  2.4
Stealth        | |  2.4
Conjurations   | |  4.3

Action                   |  1- 3 |  4- 6 || total
-------------------------+-------+-------++-------
Melee: Short sword       |     3 |    20 ||    23
 Cast: Magic Dart        |    74 |     9 ||    83
       Searing Ray       |     2 |       ||     2
 Stab: Sleeping          |     1 |       ||     1
  Eat: Chunk             |     2 |       ||     2
Armor: Robe              |     5 |     7 ||    12
Dodge: Dodged            |     8 |    27 ||    35
